[Event "Titled Tuesday Blitz November 29 Early 2022"]
[White "Mayaud, Raphael"]
[Black "Ingebretsen, Jens E"]
[WhiteFideId "627151"]
[BlackFideId "1522965"]
[WhiteElo "2191"]
[BlackElo "2213"]
[Result "0-1"]
[Round "02"]
[TimeControl "180+1"]
[Date "2022.11.30"]
[WhiteClock "0:02:30"]
[BlackClock "0:02:36"]

1. d3 g6 2. e4 Bg7 3. g3 d5 4. Bg2 dxe4 5. dxe4 Qxd1+ 6. Kxd1 Nc6 7. c3 Ne5 8. Kc2 Be6 9. h3 O-O-O 10. b3 Nd3 11. Be3 Ne1+ 0-1


[Site "https://www.chess.com"]

[Event "Titled Tuesday Blitz November 29 Early 2022"]
[White "Melian, Juan Sebastian"]
[Black "Tarnowska, Aleksandra"]
[WhiteFideId "3706575"]
[BlackFideId "1180967"]
[WhiteElo "2044"]
[BlackElo "1776"]
[Result "1-0"]
[Round "02"]
[TimeControl "180+1"]
[Date "2022.11.30"]
[WhiteClock "0:00:11"]
[BlackClock "0:00:01"]

1. d4 d5 2. c4 e6 3. Nc3 Nf6 4. cxd5 exd5 5. Bg5 Be7 6. e3 O-O 7. Bd3 h6 8. Bh4 b6 9. Nf3 Bb7 10. O-O Nbd7 11. Rc1 Ne4 12. Bxe7 Qxe7 13. Ne2 c5 14. dxc5 Ndxc5 15. Bb1 Ba6 16. Re1 Rfd8 17. Ned4 Rac8 18. b4 Ne6 19. Nc6 Rxc6 20. Rxc6 Qxb4 21. Bd3 Bxd3 22. Qxd3 N6c5 23. Qd4 Qa5 24. Qa1 Nd3 25. Rf1 Nb4 26. Rc7 Nxa2 27. Ne5 Qa4 28. Nxf7 Nac3 29. Nxd8 Qb4 30. Ne6 Ne2+ 31. Kh1 Qd2 32. Qxg7# 1-0


[Site "https://www.chess.com"]

[Event "Titled Tuesday Blitz November 29 Early 2022"]
[White "Melikyan, Gnel"]
[Black "Tarasova, Viktoriya"]
[WhiteFideId "54109990"]
[BlackFideId "4175840"]
[WhiteElo "2138"]
[BlackElo "2182"]
[Result "0-1"]
[Round "02"]
[TimeControl "180+1"]
[Date "2022.11.30"]
[WhiteClock "0:00:03"]
[BlackClock "0:00:12"]

1. d4 Nf6 2. Bf4 d5 3. e3 c5 4. c3 e6 5. Nf3 Bd6 6. Bxd6 Qxd6 7. Nbd2 O-O 8. Bd3 Nc6 9. O-O e5 10. Nxe5 Nxe5 11. dxe5 Qxe5 12. Qf3 Rd8 13. Qg3 Qxg3 14. hxg3 Be6 15. Rfd1 a6 16. a4 Kf8 17. a5 Ke7 18. b4 cxb4 19. cxb4 Rac8 20. Nb3 Rc3 21. Nd4 Rdc8 22. b5 axb5 23. Nxb5 R3c5 24. Rdb1 Bd7 25. Nd4 R8c7 26. Kf1 g6 27. Ke1 h5 28. f3 Ne8 29. Kd2 Nd6 30. Rb4 Rc8 31. Rb6 Ra8 32. a6 bxa6 33. Raxa6 Rxa6 34. Rxa6 Rc7 35. Ra5 Be6 36. Ra7 Rxa7 37. Nc6+ Kd7 38. Nxa7 Kc7 39. Kc3 Kb6 40. Kd4 Kxa7 41. Ke5 Nc4+ 42. Kd4 Nb2 43. Be2 Kb7 44. e4 dxe4 45. fxe4 Kc6 46. Ke5 Nc4+ 47. Kf6 Ne3 48. Bf3 Kc5 49. Ke5 Kc4 50. Kf6 Kd3 51. e5 Kd2 52. Bc6 Ke1 53. Be8 Nd5+ 54. Kg5 Kf2 55. g4 hxg4 56. Bxf7 Bxf7 57. e6 Bxe6 0-1


[Site "https://www.chess.com"]

[Event "Titled Tuesday Blitz November 29 Early 2022"]
[White "Migot, Tangi"]
[Black "Jumabayev, Rinat"]
[WhiteFideId "662445"]
[BlackFideId "13702661"]
[WhiteElo "2580"]
[BlackElo "2561"]
[Result "1/2-1/2"]
[Round "02"]
[TimeControl "180+1"]
[Date "2022.11.30"]
[WhiteClock "0:00:15"]
[BlackClock "0:00:13"]

1. e4 c6 2. Nf3 d5 3. exd5 cxd5 4. Be2 Nc6 5. d4 Bg4 6. Ne5 Bxe2 7. Qxe2 Nxd4 8. Qd3 Nc6 9. Nxc6 bxc6 10. O-O Nf6 11. c4 e6 12. cxd5 cxd5 13. Bf4 Bd6 14. Bxd6 Qxd6 15. Qb5+ Nd7 16. Nc3 O-O 17. Rfd1 Rab8 18. Qe2 Qe5 19. Qd2 Rfc8 20. Rac1 h6 21. b3 Nf6 22. h3 Kh8 23. Qe3 Qxe3 24. fxe3 Kg8 25. Kf1 Kf8 26. Ke2 Ke7 27. Kd3 Nd7 28. Na4 Ne5+ 29. Kd2 Kd6 30. Nb2 f5 31. Rf1 g5 32. Nd3 Nd7 33. g4 Rxc1 34. Rxc1 fxg4 35. hxg4 Nf6 36. Nf2 Rb4 37. Rg1 a5 38. Kc3 Rb7 39. a3 Rc7+ 40. Kd3 Nd7 41. e4 Nc5+ 42. Ke3 Nxb3 43. exd5 exd5 44. Rh1 Re7+ 45. Kd3 Nc5+ 46. Kd2 Re6 47. Nd3 Nxd3 48. Kxd3 Re4 49. Rxh6+ Ke5 50. Ra6 Rxg4 51. Rxa5 Rg3+ 52. Ke2 Rb3 53. Ra8 g4 54. Kf2 g3+ 55. Kg2 Ke4 56. a4 Ra3 57. a5 d4 58. a6 Kd3 59. Kxg3 Ke2+ 60. Kg2 d3 61. a7 d2 62. Re8+ Kd3 63. a8=Q Rxa8 64. Rxa8 d1=Q 65. Rd8+ Kc2 66. Rxd1 Kxd1 1/2-1/2


[Site "https://www.chess.com"]

[Event "Titled Tuesday Blitz November 29 Early 2022"]
[White "Mika, Tomasz"]
[Black "Kovacevic, Radmila"]
[WhiteFideId "1132970"]
[BlackFideId "933171"]
[WhiteElo "2126"]
[BlackElo "2208"]
[Result "1-0"]
[Round "02"]
[TimeControl "180+1"]
[Date "2022.11.30"]
[WhiteClock "0:00:15"]
[BlackClock "0:00:17"]

1. Nf3 c5 2. c4 Nc6 3. Nc3 g6 4. g3 Bg7 5. Bg2 e5 6. O-O f5 7. a3 Nge7 8. b4 cxb4 9. axb4 Nxb4 10. Ba3 Nbc6 11. Nb5 O-O 12. Bd6 a6 13. Nc7 Ra7 14. Ra2 h6 15. Nh4 Kh7 16. e3 Rf6 17. c5 Nb4 18. Ra4 Nbc6 19. d4 e4 20. d5 Nb8 21. g4 Ng8 22. Be5 Rf7 23. Bg3 Ne7 24. gxf5 g5 25. Ng6 Nxf5 26. Ne5 Rf8 27. Bxe4 Qxc7 28. Bxf5+ Rxf5 29. Nc6 Be5 30. Qd3 d6 31. cxd6 Qxd6 32. Bxe5 Qg6 33. Nxa7 Rxe5 34. Qxg6+ Kxg6 35. Nxc8 Nd7 36. d6 Nf6 37. Ne7+ Kf7 38. Rc4 Nd5 39. Rc5 Ke6 40. Rxd5 Rxd5 41. Nxd5 Kxd6 42. Nf6 b5 43. Ng4 h5 44. Nf6 Ke5 45. Nxh5 Ke4 46. Ra1 b4 47. Rxa6 Kd3 48. Rb6 Kc3 49. Rxb4 Kxb4 50. f4 Kc5 51. fxg5 Kd5 52. g6 Ke6 53. g7 Kf7 54. Kf2 Kg8 55. Kf3 Kh7 56. Kf4 Kg8 57. Kf5 Kh7 58. e4 Kg8 59. e5 Kh7 60. e6 Kg8 61. h3 Kh7 62. h4 Kh6 63. g8=Q Kxh5 64. Qh8# 1-0


[Site "https://www.chess.com"]

[Event "Titled Tuesday Blitz November 29 Early 2022"]
[White "Miszler, Levente"]
[Black "Zemlyanskii, Ivan"]
[WhiteFideId "763276"]
[BlackFideId "24249971"]
[WhiteElo "2176"]
[BlackElo "2107"]
[Result "0-1"]
[Round "02"]
[TimeControl "180+1"]
[Date "2022.11.30"]
[WhiteClock "0:00:54"]
[BlackClock "0:00:49"]

1. Nf3 d5 2. c4 d4 3. e3 Nc6 4. exd4 Nxd4 5. Nxd4 Qxd4 6. Nc3 Nf6 7. d3 e5 8. Be3 Qd8 9. d4 Ng4 10. Be2 Nxe3 11. fxe3 Bd6 12. O-O O-O 13. Ne4 exd4 14. Nxd6 Qxd6 15. exd4 Rd8 16. d5 c6 17. dxc6 Qc5+ 18. Kh1 Rxd1 19. Raxd1 Be6 20. cxb7 Rb8 21. Bf3 g6 22. b3 Qb6 23. c5 Qxc5 24. Rc1 Qb6 25. Rc6 Qb4 26. Rc7 Qf4 27. Rfc1 Kg7 28. a4 a5 29. R1c6 Bd5 30. Rc3 Bxb7 0-1


[Site "https://www.chess.com"]

[Event "Titled Tuesday Blitz November 29 Early 2022"]
[White "Mogranzini, Roberto"]
[Black "Roman, Rodrigo"]
[WhiteFideId "810894"]
[BlackFideId "3701220"]
[WhiteElo "2469"]
[BlackElo "1995"]
[Result "1-0"]
[Round "02"]
[TimeControl "180+1"]
[Date "2022.11.30"]
[WhiteClock "0:01:25"]
[BlackClock "0:00:11"]

1. e4 c5 2. Nf3 d6 3. Nc3 Nc6 4. Bb5 g6 5. O-O Bg7 6. d3 e5 7. Bxc6+ bxc6 8. h3 Ne7 9. Nd2 O-O 10. Nc4 f5 11. f4 Be6 12. fxe5 dxe5 13. Kh1 Bxc4 14. dxc4 Qd4 15. Qe2 Qd7 16. Bg5 h6 17. Be3 Rab8 18. b3 fxe4 19. Nxe4 Nf5 20. Bxc5 Rfd8 21. Rad1 Qc7 22. Kh2 Nd4 23. Qg4 Kh7 24. c3 Nf5 25. Qe2 Re8 26. g4 Nh4 27. Bd6 Qb7 28. Bxb8 Qxb8 29. Rd7 Rd8 30. Rff7 Rxd7 31. Rxd7 Qc8 32. Qd3 Nf3+ 33. Kg3 Qf8 34. Rxg7+ Kxg7 35. Qxf3 Qa3 36. Qf6+ Kg8 37. Qxg6+ Kh8 38. Qxh6+ Kg8 39. Qg5+ Kf7 40. Qf6+ Kg8 41. Qd8+ Kh7 42. Qd2 a5 43. g5 a4 44. bxa4 Qxa4 45. Qe2 Qa7 46. c5 Qf7 47. Qh5+ Qxh5 48. Nf6+ Kg6 49. Nxh5 Kxh5 50. a4 Kxg5 51. a5 e4 52. a6 e3 53. Kf3 e2 54. Kxe2 Kh4 55. a7 Kg3 56. a8=Q Kh2 57. Qxc6 Kg1 58. h4 Kh2 59. Qg6 Kh1 60. h5 Kh2 61. h6 Kh1 62. h7 1-0


[Site "https://www.chess.com"]

[Event "Titled Tuesday Blitz November 29 Early 2022"]
[White "Mohammed, Zozek Salah Mohammed"]
[Black "Floresvillar Gonzalez, Luis Migu"]
[WhiteFideId "4803361"]
[BlackFideId "5100542"]
[WhiteElo "2199"]
[BlackElo "2040"]
[Result "1-0"]
[Round "02"]
[TimeControl "180+1"]
[Date "2022.11.30"]
[WhiteClock "0:01:29"]
[BlackClock "0:00:49"]

1. d4 Nf6 2. c4 e5 3. Nf3 exd4 4. Nxd4 Bc5 5. g3 O-O 6. Bg2 Re8 7. Nc3 a5 8. O-O Ra6 9. Bg5 h6 10. Bf4 Bxd4 11. Qxd4 Rae6 12. Nb5 Nc6 13. Qc3 d6 14. Bf3 Ne5 15. Bd5 R6e7 16. Bg2 c6 17. Nd4 Bg4 18. f3 1-0


[Site "https://www.chess.com"]

[Event "Titled Tuesday Blitz November 29 Early 2022"]
[White "Molina, Roberto Junio Brito"]
[Black "Fecker, Noah"]
[WhiteFideId "2109450"]
[BlackFideId "1334263"]
[WhiteElo "2388"]
[BlackElo "2291"]
[Result "1-0"]
[Round "02"]
[TimeControl "180+1"]
[Date "2022.11.30"]
[WhiteClock "0:02:12"]
[BlackClock "0:02:11"]

1. d4 d5 2. c4 e6 3. Nc3 Nf6 4. cxd5 Nxd5 5. e4 Nxc3 6. bxc3 c5 7. Bc4 cxd4 8. cxd4 Bb4+ 9. Bd2 Bxd2+ 10. Qxd2 O-O 11. Nf3 b6 12. O-O Bb7 13. Rfe1 Nd7 14. Rad1 Rc8 15. Bb3 Nf6 16. Qf4 Qc7 17. Qh4 Rfd8 18. d5 exd5 19. e5 Ne4 20. Qf4 Qe7 21. Nd4 Qg5 22. Rxe4 1-0


[Site "https://www.chess.com"]

[Event "Titled Tuesday Blitz November 29 Early 2022"]
[White "Munkhgal, Gombosuren"]
[Black "Omariev, Maksim"]
[WhiteFideId "4901266"]
[BlackFideId "4193423"]
[WhiteElo "2576"]
[BlackElo "2444"]
[Result "1-0"]
[Round "02"]
[TimeControl "180+1"]
[Date "2022.11.30"]
[WhiteClock "0:02:10"]
[BlackClock "0:00:02"]

1. d4 d5 2. Bf4 Nf6 3. e3 c5 4. c3 Nc6 5. Nd2 cxd4 6. exd4 Qb6 7. Qb3 Bf5 8. Ngf3 e6 9. Bb5 Be7 10. Ne5 Rc8 11. Bg5 h6 12. Bxf6 Bxf6 13. Ndf3 Qc7 14. O-O O-O 15. Rfe1 Nxe5 16. Nxe5 a6 17. Bf1 Rfd8 18. a4 Rb8 19. a5 b5 20. axb6 Rxb6 21. Qa2 Rdb8 22. Qa5 Bd8 23. Qa4 R8b7 24. Qe8+ Kh7 25. Bxa6 Ra7 26. Bf1 Rxa1 27. Rxa1 f6 28. Nd7 h5 29. Qxh5+ Kg8 30. Qe8+ Kh7 31. Nxb6 Qxb6 32. Ra8 Bc7 33. Qh5# 1-0


[Site "https://www.chess.com"]

[Event "Titled Tuesday Blitz November 29 Early 2022"]
[White "Nepo"]
[Black "Devaev, Alexander"]
[BlackFideId "4169395"]
[WhiteElo "2129"]
[BlackElo "2225"]
[Result "0-1"]
[Round "02"]
[TimeControl "180+1"]
[Date "2022.11.30"]
[WhiteClock "0:00:11"]
[BlackClock "0:00:36"]

1. e4 c6 2. d4 d5 3. Nc3 dxe4 4. Nxe4 Bf5 5. Qf3 Bg6 6. Ne2 Bxe4 7. Qxe4 Nf6 8. Qf3 e6 9. c3 Bd6 10. Ng3 Nbd7 11. Bd3 Qc7 12. O-O h5 13. h3 O-O-O 14. Ne4 Nxe4 15. Bxe4 Rdg8 16. b4 g5 17. Qe2 g4 18. h4 Qd8 19. b5 c5 20. dxc5 Nxc5 21. Rd1 Nxe4 22. Qxe4 Bh2+ 23. Kxh2 Qxd1 24. Qc4+ Kd7 25. Bf4 Qd5 26. Qc7+ Ke8 27. c4 Qd7 28. Qb8+ Ke7 29. Qe5 f6 30. Qc5+ Kf7 31. Rd1 Qxd1 32. Qc7+ Kg6 0-1


[Site "https://www.chess.com"]

[Event "Titled Tuesday Blitz November 29 Early 2022"]
[White "Nugumanov, Bakhtiyar"]
[Black "Salman, Pavel"]
[WhiteFideId "13701797"]
[BlackFideId "24153753"]
[WhiteElo "2287"]
[BlackElo "2187"]
[Result "0-1"]
[Round "02"]
[TimeControl "180+1"]
[Date "2022.11.30"]
[WhiteClock "0:00:01"]
[BlackClock "0:00:15"]

1. e4 c5 2. Nf3 e6 3. d4 cxd4 4. Nxd4 a6 5. c4 Nf6 6. Nc3 Qc7 7. Be2 b6 8. O-O Bb7 9. f3 Be7 10. Be3 d6 11. Kh1 Nbd7 12. Rc1 Rc8 13. Qe1 Qb8 14. Qg3 Nh5 15. Qh3 g6 16. f4 e5 17. Bxh5 gxh5 18. Nf5 Rg8 19. Nxe7 Kxe7 20. Qxh5 Nf6 21. Qh4 Rg4 22. Qh3 h5 23. fxe5 dxe5 24. Rf5 Rcg8 25. Rcf1 R8g6 26. Nd5+ Bxd5 27. cxd5 Qd6 28. Bd2 a5 29. a3 Kd8 30. Qf3 Rxg2 31. Qxg2 Rxg2 32. Rxf6 Qxf6 33. Rxf6 Rxd2 34. Rxb6 Ke7 35. b4 a4 36. b5 Ra2 37. Rb7+ Kd6 38. Rxf7 Rxa3 39. Ra7 Kc5 0-1


[Site "https://www.chess.com"]

[Event "Titled Tuesday Blitz November 29 Early 2022"]
[White "Odegov, Artem"]
[Black "Drozdowski, Kacper"]
[WhiteFideId "34183644"]
[BlackFideId "1136720"]
[WhiteElo "2298"]
[BlackElo "2485"]
[Result "1/2-1/2"]
[Round "02"]
[TimeControl "180+1"]
[Date "2022.11.30"]
[WhiteClock "0:00:23"]
[BlackClock "0:00:41"]

1. d4 d5 2. c4 c6 3. Nf3 Nf6 4. Nc3 a6 5. cxd5 cxd5 6. Bf4 Nc6 7. e3 Bf5 8. Be2 e6 9. O-O Be7 10. Rc1 O-O 11. a3 Rc8 12. Qa4 h6 13. h3 Qb6 14. b4 Ne4 15. Nxe4 Bxe4 16. Nd2 Bg6 17. Nb3 Rfd8 18. Nc5 Bd6 19. Bxd6 Rxd6 20. Rc3 Ne7 21. Rfc1 Rdd8 22. Bf1 f6 23. b5 Be8 24. Qb4 a5 25. Qb2 Bf7 26. a4 g5 27. Nd7 Rxd7 28. Rxc8+ Nxc8 29. Rxc8+ Rd8 30. Rc5 Kg7 31. Qc3 Rd7 32. Bd3 h5 33. Bc2 Qd8 34. Rc8 Qe7 35. Qc5 e5 36. Bf5 Be6 37. Qxe7+ Rxe7 38. Bxe6 Rxe6 39. Rc7+ Kg6 40. Rxb7 exd4 41. exd4 Re1+ 42. Kh2 Ra1 43. b6 Rxa4 44. Ra7 Rxd4 45. b7 Rb4 46. Rxa5 Rxb7 47. Rxd5 Rb1 48. f3 h4 49. Rd8 Rc1 50. Rd2 Kf5 51. Rd5+ Ke6 52. Rd2 Ke5 53. Re2+ Kf4 54. Re4+ Kf5 55. Re2 Kg6 56. Re6 Kf7 57. Re2 Rc5 58. Rd2 f5 59. Rd6 Rc1 60. Rd5 Ke6 61. Rd2 Ke5 62. Re2+ Kf4 63. Ra2 Rc4 64. Ra3 Rd4 65. Rb3 Rc4 66. Ra3 Rd4 67. Rb3 Rc4 68. Ra3 1/2-1/2


[Site "https://www.chess.com"]

[Event "Titled Tuesday Blitz November 29 Early 2022"]
[White "Ohanyan, Emin"]
[Black "Jaskolka, Tomasz"]
[WhiteFideId "13312022"]
[BlackFideId "1170791"]
[WhiteElo "2352"]
[BlackElo "2126"]
[Result "1-0"]
[Round "02"]
[TimeControl "180+1"]
[Date "2022.11.30"]
[WhiteClock "0:00:15"]
[BlackClock "0:00:14"]

1. e4 c5 2. Nf3 e6 3. d4 cxd4 4. Nxd4 Nc6 5. Nc3 Qc7 6. Ndb5 Qb8 7. Be3 a6 8. Bb6 axb5 9. Nxb5 Bb4+ 10. c3 Ba5 11. Nd6+ Qxd6 12. Qxd6 Bxb6 13. Bc4 Nge7 14. h4 h5 15. b4 Ng6 16. b5 Nce5 17. Qxb6 Nxc4 18. Qd4 Nce5 19. O-O f6 20. f4 Ng4 21. g3 e5 22. Qc5 exf4 23. gxf4 Nxh4 24. e5 f5 25. a4 Kf7 26. a5 Re8 27. a6 bxa6 28. Qd5+ Kg6 29. Qxa8 axb5 30. Ra6+ Kh7 31. Rd6 Ng6 32. Qd5 h4 33. Qf7 Re6 34. Rxd7 Bxd7 35. Qxd7 Nf8 36. Qf7 Rg6 37. Qxf8 Ne3+ 38. Kf2 Nxf1 39. Kxf1 h3 40. Qxf5 h2 41. Qe4 Kh6 42. Qh1 Rg1+ 43. Qxg1 hxg1=Q+ 44. Kxg1 Kg6 45. Kf2 Kf5 46. Ke3 g5 47. fxg5 Kxe5 48. g6 Kf6 49. Kd4 Kxg6 50. Kc5 b4 51. cxb4 Kf6 52. Kc6 Ke7 53. Kc7 Ke6 54. b5 Kd5 55. b6 Kc5 56. b7 Kb5 57. b8=Q+ Ka6 58. Qd8 Ka7 59. Qb8+ Ka6 60. Qb6# 1-0


[Site "https://www.chess.com"]

[Event "Titled Tuesday Blitz November 29 Early 2022"]
[White "Osinovsky, Stepan"]
[Black "Ankudinova, Yelena"]
[WhiteFideId "4157354"]
[BlackFideId "13702114"]
[WhiteElo "2222"]
[BlackElo "1930"]
[Result "1-0"]
[Round "02"]
[TimeControl "180+1"]
[Date "2022.11.30"]
[WhiteClock "0:01:11"]
[BlackClock "0:00:29"]

1. e4 Nf6 2. e5 Nd5 3. c4 Nb6 4. c5 Nd5 5. Nc3 e6 6. Qg4 b6 7. Nf3 bxc5 8. Bc4 f5 9. exf6 Nxf6 10. Qg3 Nc6 11. O-O d5 12. Bb5 Bd7 13. Re1 Bd6 14. Qxg7 Rg8 15. Rxe6+ Be7 16. Qxf6 Rg6 17. Qh8+ Kf7 18. Qxh7+ Rg7 19. Qf5+ Bf6 20. Rxf6+ Qxf6 21. Qxd7+ Ne7 22. Nxd5 1-0


[Site "https://www.chess.com"]

[Event "Titled Tuesday Blitz November 29 Early 2022"]
[White "Ozen, Bahadir"]
[Black "Estrada Nieto, Julian"]
[WhiteFideId "6337058"]
[BlackFideId "5101018"]
[WhiteElo "2503"]
[BlackElo "2221"]
[Result "1/2-1/2"]
[Round "02"]
[TimeControl "180+1"]
[Date "2022.11.30"]
[WhiteClock "0:01:52"]
[BlackClock "0:01:59"]

1. g3 d5 2. Nf3 Nf6 3. Bg2 c6 4. O-O Bf5 5. d3 h6 6. c4 e6 7. b3 Nbd7 8. Bb2 Be7 9. Nbd2 O-O 10. a3 a5 11. Qc2 Bh7 12. Bc3 Re8 13. b4 axb4 14. axb4 Qc7 15. Qb2 Bd6 16. c5 Bf8 17. Ne5 b6 18. cxb6 Qxb6 19. Nxd7 Nxd7 20. Nf3 Qb7 21. Rfc1 c5 22. bxc5 Qxb2 23. Bxb2 Nxc5 24. Nd2 1/2-1/2


[Site "https://www.chess.com"]

[Event "Titled Tuesday Blitz November 29 Early 2022"]
[White "Pakleza, Zbigniew"]
[Black "Stijve, Theo"]
[WhiteFideId "1119290"]
[BlackFideId "1331132"]
[WhiteElo "2411"]
[BlackElo "2256"]
[Result "1-0"]
[Round "02"]
[TimeControl "180+1"]
[Date "2022.11.30"]
[WhiteClock "0:02:03"]
[BlackClock "0:01:01"]

1. d4 Nf6 2. Nf3 d5 3. Bf4 c5 4. c3 Nc6 5. e3 Qb6 6. Qb3 c4 7. Qc2 Bf5 8. Qc1 e6 9. Nh4 Nh5 10. Nxf5 exf5 11. Bg3 Nxg3 12. hxg3 g6 13. Nd2 Qd8 14. Be2 Bg7 15. g4 fxg4 16. Bxg4 f5 17. Bf3 O-O 18. b3 b5 19. bxc4 bxc4 20. Nxc4 Rc8 21. Nd2 Re8 22. O-O Na5 23. Rb1 Re7 24. Rb5 Rd7 25. Qa3 Nc4 26. Nxc4 Rxc4 27. Rfb1 Bf8 28. Qb3 g5 29. Bxd5+ 1-0


[Site "https://www.chess.com"]

[Event "Titled Tuesday Blitz November 29 Early 2022"]
[White "Palacio,Igor Da Paz"]
[Black "Rangel, Daniel"]
[WhiteFideId "2121140"]
[BlackFideId "2124475"]
[WhiteElo "2126"]
[BlackElo "2225"]
[Result "1-0"]
[Round "02"]
[TimeControl "180+1"]
[Date "2022.11.30"]
[WhiteClock "0:00:01"]
[BlackClock "0:00:03"]

1. e4 c5 2. Nc3 g6 3. g3 Bg7 4. Bg2 Nc6 5. d3 d6 6. f4 e6 7. Nf3 Nge7 8. O-O Rb8 9. Rb1 b5 10. a3 a5 11. Be3 Nd4 12. e5 Nef5 13. Bf2 b4 14. axb4 axb4 15. Ne4 dxe5 16. Nxe5 Qc7 17. c3 Nb5 18. Bxc5 Nbd6 19. Qa4+ Kf8 20. Nc4 Bd7 21. Qd1 Kg8 22. Ncxd6 Bf8 23. Nxf5 Bxc5+ 24. Nd4 Qa7 25. Nf6+ Kg7 26. Nxd7 Qxd7 27. Kh1 Rhd8 28. Qe2 Be7 29. Rbd1 Bf6 30. Qc2 Rdc8 31. Qf2 bxc3 32. bxc3 Rxc3 33. Nf3 Rxd3 34. Rxd3 Qxd3 35. Ne5 Qc3 36. Re1 Rb2 37. Qg1 h5 38. Nf3 Be7 39. h4 Bc5 40. Qh2 Bf2 41. Rf1 Qe3 42. Ng5 Bxg3 43. Qh3 1-0


[Site "https://www.chess.com"]

[Event "Titled Tuesday Blitz November 29 Early 2022"]
[White "Papp, Levente"]
[Black "Chigaev, Maksim"]
[WhiteFideId "751243"]
[BlackFideId "4108116"]
[WhiteElo "2380"]
[BlackElo "2541"]
[Result "0-1"]
[Round "02"]
[TimeControl "180+1"]
[Date "2022.11.30"]
[WhiteClock "0:00:03"]
[BlackClock "0:00:08"]

1. Nf3 Nf6 2. g3 g6 3. b3 d5 4. c4 d4 5. b4 c5 6. bxc5 Bg7 7. d3 Nfd7 8. Bg2 O-O 9. O-O Nxc5 10. Nbd2 Nba6 11. Nb3 Re8 12. Rb1 Na4 13. Bd2 Nc3 14. Bxc3 dxc3 15. a3 Qd6 16. Qc1 Bf5 17. Nh4 Bg4 18. Bf3 Bxf3 19. Nxf3 Rac8 20. Ng5 c2 21. Qxc2 Qxa3 22. Nd2 Nb4 23. Qd1 a5 24. h4 Qc3 25. Nde4 Qe5 26. Qa4 h6 27. Nf3 Qc7 28. Qb5 Ra8 29. Nc5 b6 30. Na4 Rab8 31. h5 g5 32. Rbc1 Rec8 33. Nd2 Qc6 34. Ne4 e6 35. Nec3 f5 36. Qxc6 Rxc6 37. Nb5 Kf8 38. g4 Ke7 39. gxf5 exf5 40. Kg2 Kf7 41. f3 Re8 42. Kf2 f4 43. Nac3 Bf8 44. Ne4 Bc5+ 45. d4 Bf8 46. e3 fxe3+ 47. Kxe3 Kg7 48. f4 Rce6 49. Nc3 Na2 50. f5 Rxe4+ 51. Nxe4 Nxc1 52. f6+ Kf7 53. Rxc1 a4 54. Rb1 a3 55. Rxb6 Ra8 56. Rb7+ Ke6 57. d5+ Ke5 58. Nc3 g4 59. d6 Bxd6 60. f7 Bc5+ 61. Kd3 g3 62. Ne4 g2 63. Nxc5 g1=Q 64. Nd7+ Kf4 65. f8=Q+ Rxf8 66. Nxf8 Qe3+ 0-1


[Site "https://www.chess.com"]

[Event "Titled Tuesday Blitz November 29 Early 2022"]
[White "Paravyan, David"]
[Black "Oro, Faustino"]
[WhiteFideId "4194985"]
[BlackFideId "20000197"]
[WhiteElo "2546"]
[BlackElo "2066"]
[Result "1/2-1/2"]
[Round "02"]
[TimeControl "180+1"]
[Date "2022.11.30"]
[WhiteClock "0:00:03"]
[BlackClock "0:00:05"]

1. e4 e5 2. Nf3 Nc6 3. Nc3 Nf6 4. d4 exd4 5. Nxd4 Bb4 6. Nxc6 bxc6 7. Bd3 O-O 8. O-O d5 9. exd5 cxd5 10. Bf4 c6 11. h3 Be6 12. Ne2 Bd6 13. Qd2 Qd7 14. Rfe1 Rab8 15. b3 Rfe8 16. Rad1 Rbd8 17. Qa5 Nh5 18. Bxd6 Qxd6 19. Qxa7 Ra8 20. Qd4 Rxa2 21. Qh4 g6 22. Qg5 Ng7 23. Nc3 Ra7 24. Qe3 Rae7 25. Qg3 Qd7 26. Na4 Bf5 27. Rxe7 Qxe7 28. c4 Bxd3 29. Qxd3 Rd8 30. Nc3 d4 31. Ne4 Ne6 32. Qf3 Rb8 33. Qg3 Rb4 34. Qe5 Qc7 35. Nf6+ Kf8 36. Nxh7+ Kg8 37. Nf6+ Kf8 38. Qxc7 Nxc7 39. Rxd4 Rxb3 40. Rd6 Rc3 41. Rxc6 Ne6 42. Nd5 Rc1+ 43. Kh2 Nd4 44. Rc8+ Kg7 45. Rc7 Kg8 46. Nf6+ Kg7 47. Ne8+ Kf8 48. Nd6 f5 49. Rf7+ Kg8 50. Rf6 Kg7 51. Ne8+ Kh6 52. Rf8 Rxc4 53. f4 Kh7 54. Rf7+ Kh6 55. Nf6 g5 56. fxg5+ Kxg5 57. Nd5 Ne2 58. Rg7+ Kh6 59. Re7 Nd4 60. Ne3 Rc3 61. Rd7 Rxe3 62. Rxd4 Kg6 63. Kg1 Ra3 64. Rd2 Ra1+ 65. Kf2 Ra3 66. Re2 Kg5 67. Re3 Ra2+ 68. Kf3 Ra1 69. g3 Rf1+ 70. Kg2 Ra1 71. Rd3 Ra2+ 72. Kf3 Ra1 73. h4+ Kg6 74. Rd6+ Kf7 75. Kf4 Rf1+ 76. Kg5 Rf3 77. Rd7+ Ke6 78. Ra7 Rxg3+ 79. Kf4 Rg4+ 80. Kf3 Rxh4 81. Ra6+ Kf7 82. Rb6 Rg4 1/2-1/2


[Site "https://www.chess.com"]

[Event "Titled Tuesday Blitz November 29 Early 2022"]
[White "Pein, Jonathan"]
[Black "Gadimbayli, Abdulla"]
[WhiteFideId "417092"]
[BlackFideId "13404938"]
[WhiteElo "2227"]
[BlackElo "2399"]
[Result "0-1"]
[Round "02"]
[TimeControl "180+1"]
[Date "2022.11.30"]
[WhiteClock "0:00:03"]
[BlackClock "0:00:09"]

1. d4 d5 2. Nf3 Nc6 3. g3 Bg4 4. Bg2 Qd7 5. h3 Bxf3 6. exf3 Nf6 7. f4 e6 8. c3 g6 9. O-O Bg7 10. Re1 h5 11. h4 Ne7 12. Nd2 c5 13. dxc5 Qc7 14. Nb3 O-O 15. Qe2 Nf5 16. Nd4 Qxc5 17. Nxf5 gxf5 18. Be3 Qc7 19. Bd4 Ng4 20. Bxg7 Kxg7 21. c4 Qxc4 22. Qxc4 dxc4 23. Rac1 Rad8 24. Rxc4 Rd2 25. Rc7 Kf6 26. Bf3 Rxb2 27. Rxb7 Rxa2 28. Bxg4 fxg4 29. Rc1 Rd8 30. Rcc7 Rdd2 31. Rxf7+ Kg6 32. Rg7+ Kf5 33. Rg5+ Kf6 34. Rbg7 Rxf2 35. R7g6+ Ke7 36. Rxh5 Rg2+ 37. Kf1 Rgc2 38. Re5 Ra1+ 39. Re1 Rxe1+ 40. Kxe1 a5 41. h5 a4 42. Rxg4 a3 43. Rg7+ Kf8 44. Ra7 a2 45. Kd1 Rb2 46. h6 Rb1+ 47. Ke2 a1=Q 48. h7 Rb2+ 49. Kf3 Qd1+ 50. Ke4 Qd5+ 51. Ke3 Rb3+ 52. Ke2 Qf3+ 53. Kd2 Qd3+ 54. Ke1 Rb1+ 55. Kf2 Rf1+ 56. Kg2 Qf3+ 57. Kh3 Rh1# 0-1


[Site "https://www.chess.com"]

[Event "Titled Tuesday Blitz November 29 Early 2022"]
[White "Petrovic, Aleksa"]
[Black "Rose, Felix"]
[WhiteFideId "967629"]
[BlackFideId "5105722"]
[WhiteElo "2224"]
[BlackElo "2039"]
[Result "1-0"]
[Round "02"]
[TimeControl "180+1"]
[Date "2022.11.30"]
[WhiteClock "0:01:21"]
[BlackClock "0:01:45"]

1. d4 Nf6 2. c4 e6 3. Nf3 d5 4. Nc3 Be7 5. Bf4 O-O 6. e3 b6 7. Qc2 Bb7 8. Rd1 Nbd7 9. Bd3 c5 10. cxd5 cxd4 11. dxe6 dxc3 12. exd7 cxb2 13. O-O Kh8 14. Qxb2 Qxd7 15. Be4 Qc8 16. Rc1 Bc5 17. Rxc5 bxc5 18. Bxb7 Rb8 19. Bxb8 Qxb8 20. Rb1 1-0


[Site "https://www.chess.com"]

[Event "Titled Tuesday Blitz November 29 Early 2022"]
[White "Pinheiro, Iung Alicio de O."]
[Black "Jimenez, Joaquin"]
[WhiteFideId "2104350"]
[BlackFideId "109860"]
[WhiteElo "2283"]
[BlackElo "2163"]
[Result "0-1"]
[Round "02"]
[TimeControl "180+1"]
[Date "2022.11.30"]
[WhiteClock "0:00:01"]
[BlackClock "0:00:11"]

1. e4 e6 2. b3 d5 3. Bb2 dxe4 4. Nc3 Nf6 5. g4 h6 6. Bg2 Bd7 7. h4 Bc6 8. g5 hxg5 9. hxg5 Rxh1 10. Bxh1 Nfd7 11. Nxe4 Nc5 12. Qe2 Nxe4 13. Bxe4 Qxg5 14. Nf3 Qa5 15. Ne5 Bd6 16. Nc4 Qg5 17. O-O-O Bxe4 18. Qxe4 Nc6 19. Qh7 O-O-O 20. Bxg7 Ne5 21. Bxe5 Bxe5 22. Qxf7 Qf6 23. Qxf6 Bxf6 24. Re1 Kd7 25. Rh1 Rg8 26. Rh7+ Kc8 27. Kd1 Bd4 28. Rf7 b5 29. Ne3 Rg1+ 30. Ke2 Ra1 31. c3 Bb6 32. Re7 Rxa2 33. b4 a5 34. bxa5 Bxa5 35. Kd3 b4 36. cxb4 Bxb4 37. Rxe6 Rxd2+ 38. Kc4 Bd6 39. Rf6 Kd7 40. Nd5 Rc2+ 41. Kd3 Ra2 42. f4 Ra3+ 43. Ke4 Ra4+ 44. Kf5 Ra5 45. Ke4 Ra4+ 46. Kf3 c5 47. Ne3 Ra3 48. Ke4 Ra4+ 49. Kf3 c4 50. Rf7+ Ke6 51. Rh7 Ra3 52. Rh6+ Kd7 0-1


[Site "https://www.chess.com"]